 Dungeon Crawl Stone Soup version 0.25-a0-71-ge910a4a285 (webtiles) character file.

Game seed: 9694238739790217328, levelgen mode: deterministic

2016 littletow the Digger (level 9, 0/94 HPs)
             Began as an Octopode Wanderer on Nov 4, 2019.
             Was an Initiate of Okawaru.
             Slain by an orc warrior
             ... wielding a +0 long sword of holy wrath
              (13 damage)
             ... on level 6 of the Dungeon.
             The game lasted 00:24:35 (9236 turns).

littletow the Digger (Octopode Wanderer)            Turns: 9236, Time: 00:24:36

Health: 0/94       AC: 24    Str: 15 (16) XL:     9   Next: 22%
Magic:  4/17       EV:  2    Int: 15 (16) God:    Okawaru [......]
Gold:   260        SH:  0    Dex: 12 (13) Spells: 3/18 levels left

rFire    + . .     SeeInvis .   (no weapon)
rCold    + . .     Gourm    .   (no shield)
rNeg     + + +     Faith    .   (helmet currently unavailable)
rPois    +         Spirit   .   k - amulet of the acrobat
rElec    +         Reflect  .   (no ring)
rCorr    +         Harm     .   (no ring)
MR       .....     NoTele   +   (no ring)
Stlth    ++........             (no ring)
HPRegen  0.25/turn              (no ring)
MPRegen  0.15/turn              (no ring)
                                (no ring)
                                (no ring)

@: mighty, tree-form, resistant
A: almost no armour, stealthy swim, (amphibious), 8 rings, (constrict 8)
a: Renounce Religion


You were on level 6 of the Dungeon.
You worshipped Okawaru.
Okawaru was noncommittal.
You were near starving.
You were a tree.
You visited 2 branches of the dungeon, and saw 7 of its levels.

You collected 260 gold pieces.

Inventory:

Hand Weapons
 a - a +0 dagger
 h - a +0 morningstar
 p - a cursed -3 short sword
 v - a +2 quarterstaff of chaos
 x - a +0 long sword
 A - a +0 spear
 B - a +0 trident
 E - a +1 flail
Missiles
 i - 253 stones (quivered)
 l - 5 atropa-tipped darts
 s - 71 sling bullets
 t - a throwing net {!f}
 y - 24 poisoned darts
 C - 9 arrows
 F - 4 boomerangs
Jewellery
 k - an amulet of the acrobat (around neck)
 o - a +3 ring of evasion {unknown}
Scrolls
 b - 3 scrolls of fog
 d - 2 scrolls of enchant weapon
 e - a scroll of amnesia {unknown}
 g - a scroll of enchant armour {unknown}
 j - 2 scrolls of teleportation {unknown}
 m - 2 scrolls of magic mapping {unknown}
 r - 2 scrolls of remove curse {unknown}
Potions
 c - a potion of lignification
 n - a potion of agility
 q - a potion of mutation
 D - a potion of might
 H - a potion of haste {unknown}
Comestibles
 f - 9 rations
 G - 2 chunks of flesh


   Skills:
 + Level 6.4 Fighting
 * Level 4.1 Dodging
 - Level 1.3 Stealth
   Level 1.0 Shields
 + Level 5.3 Spellcasting
 - Level 1.0 Conjurations
 - Level 2.0 Air Magic
 * Level 7.8 Earth Magic
 - Level 2.0 Poison Magic


You had 3 spell levels left.
You knew the following spells:

 Your Spells              Type           Power        Failure   Level  Hunger
a - Sandblast             Erth           ####..       1%          1    None
b - Poisonous Vapours     Pois/Air       ##....       11%         2    #......
c - Swiftness             Chrm/Air       #.......     16%         2    #......
d - Lee's Rapid Deconstr  Erth           ####......   17%         5    ######.
e - Passwall              Tmut/Erth      ###.....     4%          2    #......
f - Stone Arrow           Conj/Erth      ###...       8%          3    ###....

Your spell library contained the following spells:

 Spells                   Type           Power        Failure   Level  Hunger
 Petrify                  Tmut/Erth      ###.....     30%         4    ####...


Dungeon Overview and Level Annotations

Branches:
Dungeon (6/15)             Temple (1/1) D:6

Altars:
Ashenzari
Dithmenos
Elyvilon
Fedhas
Gozag
Makhleb
Nemelex Xobeh
Okawaru
Sif Muna
Trog
Vehumet
Yredelemnul
Zin
The Shining One

Annotations:
D:4 Grinder
D:5 Sigmund


Innate Abilities, Weirdness & Mutations

You cannot wear most types of armour.
You are very stealthy in the water. (Stealth+)
((You are amphibious.))
You can wear up to eight rings at the same time.
((You can use your tentacles to constrict eight enemies at once.))
((Your skin changes colour to match your surroundings (Stealth+).))
((Your rubbery body absorbs attacks. (AC +1, EV +1)))


Message History

Some of the chunks of flesh in your inventory have rotted away.
It was a potion of might.
You feel very mighty all of a sudden.
A sky beast appears from thin air!
Reactivating autopickup.
Okay, then.
You hit the orc warrior.
The orc warrior hits you with a +0 long sword of holy wrath!
* * * LOW HITPOINT WARNING * * *
It was a potion of degeneration.
There was something very wrong with that liquid.
You feel weakened.
You feel dopey.
You feel clumsy.
The orc warrior hits you with a +0 long sword of holy wrath.
* * * LOW HITPOINT WARNING * * *
It was a potion of curing.
You feel better. The orc warrior completely misses you.
It was a potion of resistance.
You feel protected.
The orc warrior hits you with a +0 long sword of holy wrath!
You die...

......###....####..#.##
......#....#.....#.......
..........###..#≈#.#.####
......⌠..##_##...#...#
####......'##.o..#...#
#....P...#...#.#...#
......P≈≈P...#...#...#
.............#####.#.#
....##......ooYo♣..#.#
.... ###############..
.... #.. .. ..# ###


You could see an orc warrior, a sky beast and 2 orcs.

Vanquished Creatures
  Eustachio (D:4)
  4 ice beasts (D:5)
  An ogre (D:4)
  6 big kobolds (D:3)
  A bullfrog (D:6)
  A scorpion (D:5)
  A howler monkey (D:6)
  5 hounds
  A jelly (D:5)
  Crazy Yiuf (D:2)
  An orc priest (D:5)
  2 orc wizards (D:5)
  7 worker ants
  A killer bee zombie (D:5)
  A hound zombie (D:6)
  A worker ant zombie (D:5)
  Robin (D:2)
  9 adders
  5 gnolls (D:3)
  A howler monkey skeleton (D:4)
  An ooze (D:1)
  2 adder skeletons (D:4)
  2 worms
  4 dart slugs
  4 leopard geckos
  14 orcs
  2 ball pythons
  2 giant cockroaches
  13 hobgoblins
  14 jackals
  3 quokkas
  A ball python skeleton (D:5)
  7 bats
  10 frilled lizards
  2 gnoll zombies (D:5)
  13 goblins
  A jackal skeleton (D:5)
  43 kobolds
  A leopard gecko skeleton (D:5)
  9 rats
199 creatures vanquished.

Notes
Turn   | Place    | Note
-------+----------+-------------------------------------------
     0 | D:1      | littletow the Octopode Wanderer began the quest for the
                  | Orb.
     0 | D:1      | littletow set off with the following items: a +0 dagger, a
                  | potion of lignification, a ration; and the following spell
                  | memorised: Sandblast; and the following spells available to
                  | memorise: Passwall, Stone Arrow, Poisonous Vapours,
                  | Swiftness, Petrify, Lee's Rapid Deconstruction
     0 | D:1      | Reached XP level 1. HP: 11/11 MP: 2/2
    65 | D:1      | Reached skill level 1 in Fighting
    70 | D:1      | Reached XP level 2. HP: 17/18 MP: 3/3
    90 | D:1      | Learned a level 2 spell: Poisonous Vapours
   494 | D:1      | Reached skill level 1 in Dodging
   597 | D:1      | Reached XP level 3. HP: 19/24 MP: 1/4
  1555 | D:2      | Reached XP level 4. HP: 30/30 MP: 0/5
  1719 | D:2      | Found a white marble altar of Elyvilon.
  1836 | D:2      | Noticed Robin
  2052 | D:2      | Killed Robin
  2092 | D:2      | Reached XP level 5. HP: 32/36 MP: 4/7
  2279 | D:2      | Found a runed translucent door.
  2280 | D:2      | Noticed Crazy Yiuf
  2493 | D:2      | Killed Crazy Yiuf
  2726 | D:2      | Learned a level 2 spell: Swiftness
  4029 | D:3      | Noticed a big kobold
  4065 | D:3      | Killed a big kobold
  4065 | D:3      | Reached XP level 6. HP: 43/43 MP: 2/10
  4303 | D:3      | Reached XP level 7. HP: 49/49 MP: 5/13
  4638 | D:3      | Reached skill level 5 in Fighting
  5625 | D:3      | Learned a level 5 spell: Lee's Rapid Deconstruction
  5763 | D:4      | Noticed Grinder
  5792 | D:4      | Noticed Eustachio
  5806 | D:4      | Killed Eustachio
  5806 | D:4      | Reached XP level 8. HP: 57/57 MP: 6/14
  5925 | D:4      | Reached skill level 1 in Air Magic
  6708 | D:4      | Learned a level 2 spell: Passwall
  6770 | D:5      | Entered Level 5 of the Dungeon
  6944 | D:5      | Reached skill level 6 in Earth Magic
  7579 | D:5      | Found a burning altar of Makhleb.
  7701 | D:5      | Noticed Sigmund
  8116 | D:5      | Reached skill level 5 in Spellcasting
  8116 | D:5      | Reached skill level 7 in Earth Magic
  8258 | D:5      | Reached XP level 9. HP: 57/62 MP: 16/16
  8329 | D:5      | Found a basalt altar of Yredelemnul.
  8734 | D:5      | Learned a level 3 spell: Stone Arrow
  8735 | D:6      | Found a staircase to the Ecumenical Temple.
  8757 | Temple   | Entered the Ecumenical Temple
  8964 | Temple   | Became a worshipper of Warmaster Okawaru
  9115 | D:6      | Found a glowing golden altar of the Shining One.
  9234 | D:6      | HP: 2/94 [orc warrior/+0 long sword of holy wrath (5)]
  9236 | D:6      | Slain by an orc warrior

Levels and vault maps discovered:
D:1:      sevenhm_arrival_forest_fort_small_4, layout_loops_ring
D:2:      layout_basic, elyvilon_altar_3, hex_intersection,
          hangedman_decor_opposing, uniq_crazy_yiuf_cottage, uniq_robin
D:3:      minmay_goblin_kobold_castle, layout_basic
D:4:      layout_basic, first_ration, uniq_eustachio, uniq_grinder
D:5:      minmay_diamond_boxcup, layout_basic, bloody_makhleb,
          lemuel_zombie_altar_yredelemnul, serial_bayou_pond_b, uniq_sigmund
D:6:      layout_basic, tso_oasis_becter, overflow_temple_1_default,
          minmay_temple_entry_ruins, grunt_ministairs_6
Temple:   nicolae_temple_figure_eight

Skill      XL: |  1  2  3  4  5  6  7  8  9 |
---------------+----------------------------+-----
Fighting       | 1 2 3 4 6 |  6.4
Dodging        | 1 2 3 4 |  4.1
Spellcasting   | 3 4 5 |  5.3
Air Magic      | 2 |  2.0
Poison Magic   | 2 |  2.0
Earth Magic    | 7 |  7.8
Stealth        | |  1.3
Shields        | |  1.0
Conjurations   | |  1.0

Action                   |  1- 3 |  4- 6 |  7- 9 || total
-------------------------+-------+-------+-------++-------
Melee: Dagger            |    87 |    53 |       ||   140
       Constrict         |    23 |    27 |    34 ||    84
       Tentacles         |    13 |    20 |    23 ||    56
       Quarterstaff      |       |    41 |       ||    41
       Spear             |       |     8 |    88 ||    96
       Flail             |       |       |    58 ||    58
       Unarmed           |       |       |     8 ||     8
 Cast: Poisonous Vapours |     8 |    21 |    22 ||    51
       Sandblast         |     1 |    31 |    74 ||   106
       Lee's Rapid Decon |       |       |    12 ||    12
  Use: Scroll            |       |     1 |     4 ||     5
       Potion            |       |       |     5 ||     5
 Stab: Sleeping          |     4 |     5 |     5 ||    14
       Distracted        |       |       |     1 ||     1
  Eat: Chunk             |     3 |    11 |    16 ||    30
       Ration            |       |       |     1 ||     1
Armor: Skin              |     5 |    13 |     8 ||    26
Dodge: Dodged            |    49 |    68 |   114 ||   231

Table legend:
 A = Non-vault XP
 B = Vault XP
 C = Vault XP percentage of total XP
 D = Non-vault monster count
 E = Vault monster count
 F = Vault count percentage of total count
                 A         B        C        D         E       F
            +---------+---------+-------+---------+---------+-------
      Total |    1673 |    1207 |  41.9 |     128 |      71 |  35.7
            +---------+---------+-------+---------+---------+-------
        D:1 |      82 |       0 |   0.0 |      34 |       0 |   0.0
        D:2 |      65 |      75 |  53.6 |      17 |      12 |  41.4
        D:3 |      82 |     677 |  89.2 |      25 |      48 |  65.8
        D:4 |     311 |     196 |  38.7 |      19 |       1 |   5.0
        D:5 |     847 |     259 |  23.4 |      25 |      10 |  28.6
        D:6 |     286 |       0 |   0.0 |       8 |       0 |   0.0
            +---------+---------+-------+---------+---------+-------
